 Dungeon Crawl Stone Soup version 0.27-b1-42-g19c61b19a5 (webtiles) character file.

Game seed: 851683008130017666

102 Sin92 the Skirmisher (level 4, 0/35 HPs)
             Began as a Demonspawn Fighter on July 29, 2021.
             Slain by an orc priest (3 damage)
             ... on level 4 of the Dungeon.
             The game lasted 00:04:00 (4470 turns).

Sin92 the Skirmisher (Demonspawn Fighter)           Turns: 4470, Time: 00:04:01

Health: 0/35       AC:  6    Str: 17    XL:     4   Next: 50%
Magic:  4/4        EV:  7    Int:  9    God:
Gold:   99         SH: 12    Dex: 15    Spells: 3/3 levels left

rFire    . . .     SeeInvis .   a - +1 flail
rCold    . . .     Faith    .   c - +3 kite shield
rNeg     . . .     Spirit   .   b - +0 scale mail
rPois    .         Reflect  .   (no helmet)
rElec    .         Harm     .   (no cloak)
rCorr    +         Rampage  .   (no gloves)
Will     .....                  (no boots)
Stlth    +.........             (no amulet)
HPRegen  0.11/turn              j - ring of resist corrosion
MPRegen  0.09/turn              (no ring)

@: mighty
A: thin skeletal structure 1
a: no special abilities


You were on level 4 of the Dungeon.
You visited 1 branch of the dungeon, and saw 4 of its levels.

You collected 99 gold pieces.

Inventory:

Hand Weapons
 a - a +1 flail (weapon)
Armour
 b - a +0 scale mail (worn)
 c - a +3 kite shield (worn)
Jewellery
 i - a ring of ice
 j - a ring of resist corrosion (left hand)
Scrolls
 e - 2 scrolls of identify
 f - 3 scrolls of teleportation
Potions
 d - a potion of might
 l - a potion of flight


   Skills:
 + Level 3.5 Fighting
 * Level 2.7 Maces & Flails
 + Level 3.2 Armour
 + Level 1.0 Dodging
 - Level 0.2 Stealth
 + Level 3.1 Shields


You had 3 spell levels left.
You didn't know any spells.
Your spell library contained the following spells:

 Spells                   Type           Power      Damage    Failure   Level
 Magic Dart               Conj           0%         1d3       99%         1
 Searing Ray              Conj           0%         3d3       100%        2
 Inner Flame              Hex/Fire       0%         N/A       100%        3
 Cause Fear               Hex            0%         N/A       100%        4
 Fulminant Prism          Conj/Hex       0%         3d6       100%        4
 Discord                  Hex            0%         N/A       100%        8


Dungeon Overview and Level Annotations

Branches:
Dungeon (4/15)
 Temple: D:4-7

Altars:
Zin

Shops:
D:4 *


Innate Abilities, Weirdness & Mutations

You have a somewhat thin skeletal structure. (Dex +2, Stealth+)


Message History

You hit the orc.
The orc is lightly wounded.
The orc priest hits you from afar with a +0 trident.
The orc hits you but does no damage.
The orc wizard casts a spell.
The orc wizard flickers and vanishes!
Deactivating autopickup; reactivate with Ctrl-A.
The orc priest looks braver for a moment.
You closely miss the orc.
The orc is lightly wounded.
The orc hits you but does no damage.
The orc priest calls upon Beogh to heal the orc.
The orc's wounds heal themselves!
You block the orc's attack.
You barely miss the orc. You block the orc priest's attack.
You block the orc's attack.
Unknown command.
You barely miss the orc.
The orc priest hits you from afar with a +0 trident.
The orc priest invokes the aid of Beogh against you.
Beogh smites you!
* * * LOW HITPOINT WARNING * * *
The orc hits you but does no damage.
The orc priest hits you but does no damage.
The orc barely misses you.
You are too injured to fight recklessly!
Unknown command.
You are too injured to fight recklessly!
Unknown command.
You are too injured to fight recklessly!
Unknown command.
You are too injured to fight recklessly!
You feel very mighty all of a sudden.
You sock the orc!
You kill the orc!
You block something's attack.
You barely miss something. You block the orc priest's attack.
Something hits you.
* * * LOW HITPOINT WARNING * * *
The orc priest hits you from afar with a +0 trident.
You die...

### ##### ..
.###..##...##'#####
..................#
..................#
...........>......#
.........?.......#
#..............#
..##..............#
..........)@......#
....########{##..####
....##....##o##(.####.
....##......o.........
##...##......o.............o...
#....#)................ .......
#....#................. ...{..
#...(#...........o..... .....
#....#................. ....


You could see 2 orc priests and an orc (wandering).

Vanquished Creatures
  An iguana (D:3)
  2 adders (D:2)
  2 dart slugs
  4 orcs
  2 ball pythons
  4 endoplasms
  3 giant cockroaches
  2 goblins
  5 hobgoblins
  3 jackals (D:2)
  7 kobolds
  2 quokkas
  2 bats
  7 frilled lizards
  5 rats
51 creatures vanquished.

Notes
Turn   | Place    | Note
-------+----------+-------------------------------------------
     0 | D:1      | Sin92 the Demonspawn Fighter began the quest for the Orb.
     0 | D:1      | Reached XP level 1. HP: 18/18 MP: 1/1
   528 | D:1      | Gained mutation: You have a somewhat thin skeletal
                  | structure. (Dex +2, Stealth+) [demonic ancestry]
   528 | D:1      | Reached XP level 2. HP: 24/24 MP: 2/2
   732 | D:1      | Found a faded altar of an unknown god.
  1769 | D:2      | Reached XP level 3. HP: 27/29 MP: 3/3
  2438 | D:2      | Reached skill level 1 in Dodging
  2508 | D:3      | Reached XP level 4. HP: 5/35 MP: 4/4
  3607 | D:4      | Found Mumnit's General Store.
  3940 | D:3      | HP: 1/35 [orc (3)]
  4470 | D:4      | Slain by an orc priest

Illustrated notes

Levels and vault maps discovered:
D:1:      lemuel_arrival_behind_the_door_large, layout_loops_cross,
          serial_rivers, chequers_serial_rivers_micro_c,
          chequers_serial_rivers_micro_e, chequers_serial_rivers_micro_e,
          chequers_serial_rivers_small_b, chequers_serial_rivers_small_3,
          shapermc_ecumenical_altar_totnotflames, hangedman_decor_diamond_cutter
D:2:      layout_basic, basic_altar, serial_glass, glass_columns_a,
          glass_columns_a, minmay_strange_pillars
D:3:      layout_basic, minmay_surrounded
D:4:      layout_gridville, serial_shops, shop

Skill      XL: |  1  2  3 |
---------------+----------+-----
Maces & Flails | 2 |  2.7
Shields        | 3 |  3.1
Dodging        | 1 |  1.0
Armour         | 3 |  3.2
Fighting       | |  3.5
Stealth        | |  0.2

Action                   |  1- 3 |  4- 6 || total
-------------------------+-------+-------++-------
Melee: Flail             |   136 |    61 ||   197
  Use: Scroll            |       |     9 ||     9
       Potion            |       |     3 ||     3
 Stab: Sleeping          |       |     1 ||     1
Armor: Scale mail        |    78 |    27 ||   105
Dodge: Dodged            |    41 |    13 ||    54
Block: Kite shield       |    72 |    46 ||   118
